 Dungeon Crawl Stone Soup version 0.21.1-1-g345015f (webtiles) character file.

514 inc the Covert (level 7, 27/27 HPs)
             Began as a Felid Enchanter on Mar 15, 2018.
             Was a Follower of Dithmenos.
             Quit the game on level 8 of the Dungeon.
             The game lasted 00:13:18 (8183 turns).

inc the Covert (Felid Enchanter)                    Turns: 8183, Time: 00:13:19

Health: 27/27      AC:  2    Str:  4    XL:     7   Next: 0%
Magic:  11/11      EV: 18    Int: 19    God:    Dithmenos [*.....]
Gold:   351        SH:  0    Dex: 16    Spells: 4/10 levels left
                                        Lives:  0   Deaths: 2

rFire    . . .     SeeInvis +     - Unarmed
rCold    + . .     Gourm    .   (shield unavailable)
rNeg     . . .     Faith    .   (armour unavailable)
rPois    .         Spirit   .   (helmet unavailable)
rElec    .         Reflect  .   (cloak unavailable)
rCorr    .         Harm     .   (gloves unavailable)
MR       +....                  (boots unavailable)
Stlth    +++++++...             (no amulet)
HPRegen  0.09/turn              p - ring of protection from cold
MPRegen  0.12/turn              (no ring)

@: wreathed by umbra, quick
A: very small, no armour, no weapons or thrown items, stealth, claws 1, fangs 3,
see invisible, carnivore, speed 1, shaggy fur 2, slow metabolism 1, sharp paws
a: Renounce Religion


You were on level 8 of the Dungeon.
You worshipped Dithmenos.
Dithmenos was aware of your devotion.
You were not hungry.

You visited 2 branches of the dungeon, and saw 9 of its levels.

You collected 351 gold pieces.

Inventory:

Jewellery
 l - a -2 ring of intelligence
 p - a ring of protection from cold (left paw)
 s - an uncursed amulet of the gourmand
 t - an uncursed amulet of rage {unknown}
Wands
 g - a wand of paralysis (14)
 u - a wand of enslavement (16)
 w - a wand of polymorph (17)
Scrolls
 e - 3 scrolls of amnesia
 f - 2 scrolls of fear {unknown}
 h - a scroll of magic mapping {unknown}
 i - a scroll of enchant weapon {unknown}
 k - 2 scrolls of teleportation {unknown}
 n - 4 scrolls of remove curse
 q - 6 scrolls of identify
 r - a scroll of enchant armour {unknown}
Potions
 c - 3 potions of curing
 d - a potion of degeneration {unknown}
 j - 3 potions of haste
 m - 2 potions of might
 v - a potion of invisibility {unknown}
 x - a potion of heal wounds
Books
 a - a book of Maledictions

   Spells                             Type                      Level
   a - Corona                         Hexes                        1
   b - Ensorcelled Hibernation        Hexes/Ice                    2
   c - Confuse                        Hexes                        3
   d - Tukima's Dance                 Hexes                        3
   e - Dazzling Spray                 Conjuration/Hexes            3
 o - a book of Cantrips

   Spells                             Type                      Level
   a - Confusing Touch                Hexes                        1
   b - Animate Skeleton               Necromancy                   1
   c - Summon Small Mammal            Summoning                    1
   d - Apportation                    Translocation                1
Comestibles
 b - 7 rations


   Skills:
 - Level 2.6 Dodging
 - Level 12.6 Stealth
 - Level 4.7 Unarmed Combat
 - Level 2.0 Spellcasting
 + Level 7.0 Hexes
 + Level 3.1 Ice Magic


You had 4 spell levels left.
You knew the following spells:

 Your Spells              Type           Power        Failure   Level  Hunger
a - Confuse               Hex            ####....     2%          3    ###....
b - Ensorcelled Hibernat  Hex/Ice        ###...       3%          2    ###....
c - Confusing Touch       Hex            ####..       1%          1    #......


Dungeon Overview and Level Annotations

Branches:
Dungeon (8/15)             Temple (1/1) D:4
   Lair: D:8-11

Altars:
Cheibriados
Dithmenos
Elyvilon
Gozag
Hepliaklqana
Kikubaaqudgha
Makhleb
Nemelex Xobeh
Okawaru
Qazlal
Ru
Trog
Vehumet
Wu Jian
Xom
Yredelemnul
Zin
The Shining One

Shops:
D:4 [   D:8 (

Annotations:
D:8 Monsterracer's ghost, novice DrWz


Innate Abilities, Weirdness & Mutations

You cannot wear armour.
You are incapable of wielding weapons or throwing items.
Your paws allow you to move quietly. (Stealth)
You have sharp claws.
You have razor-sharp teeth.
You have supernaturally acute eyesight. (SInv)
You are carnivorous and can eat meat at any time.
You cover ground quickly.
You are covered in thick fur. (AC +2)
You have a slow metabolism.
Your sharp claws are effective at attacking unaware monsters.


Message History

Monsterracer's ghost is lightly damaged.
Monsterracer's ghost casts a spell at you.
The magic dart hits you!
* * * LOW HITPOINT WARNING * * *
A wolf comes into view.
Unknown command.
The wolf howls!
You scratch Monsterracer's ghost but do no damage.
Monsterracer's ghost is lightly damaged.
Monsterracer's ghost misses you.
Unknown command.
You scratch Monsterracer's ghost but do no damage.
You bite Monsterracer's ghost, but do no damage.
Monsterracer's ghost is lightly damaged.
Monsterracer's ghost hits you!
You die...
You are now level 7!
You rejoin the land of the living...
Found an opulent altar of Gozag and a sparkling altar of Nemelex Xobeh.
Are you sure you want to abandon this character and quit the game? (Confirm with "yes".)

####.# ##.## ##...##
###+###
###.###.####.....##
...†# ..##...8...##
..#.###.##.........#
#.##...# #.⌠._._.⌠.#
#.##...###.........#
#.#.....# #...8.@.#
#.#.....# ##.....##
#.#.....##.#######
#.##...###. #.### #.
#.#####.######
#.#..........## #.#
##...#..<# #.#
#........#


There were no monsters in sight!

Vanquished Creatures
  A hungry ghost (D:7)
  A sky beast (D:6)
  4 centaurs
  A wolf (D:8)
  Blork the orc (D:6)
  2 bullfrogs
  3 scorpions
  A wight (D:8)
  A howler monkey (D:4)
  2 crimson imps
  3 jellies
  2 hounds
  3 orc priests
  2 iguanas
  3 orc wizards
  3 worker ants
  A killer bee zombie (D:5)
  A hound skeleton (D:5)
  3 gnolls (D:6)
  A howler monkey skeleton (D:6)
  3 adders
  A shadow imp (D:5)
  An adder zombie (D:5)
  2 adder skeletons
  3 worms
  2 dart slugs
  4 leopard geckos
  7 orcs
  3 bats
  3 giant cockroaches
  6 goblins
  4 hobgoblins
  5 jackals
  3 quokkas
  3 frilled lizards
  A goblin zombie (D:4)
  3 hobgoblin zombies (D:4)
  4 kobolds
  3 kobold skeletons (D:4)
  A kobold zombie (D:4)
  An orc zombie (D:4)
  A quokka zombie (D:6)
  10 rats
113 creatures vanquished.

Notes
Turn   | Place    | Note
-------+----------+-------------------------------------------
     0 | D:1      | inc the Felid Enchanter began the quest for the Orb.
     0 | D:1      | Reached XP level 1. HP: 7/7 MP: 4/4
   387 | D:1      | Reached XP level 2. HP: 11/11 MP: 6/6
   395 | D:1      | Learned a level 2 spell: Ensorcelled Hibernation
  1147 | D:2      | Reached XP level 3. HP: 14/14 MP: 0/7
  1702 | D:2      | Learned a level 3 spell: Confuse
  2287 | D:3      | Learned a level 1 spell: Confusing Touch
  2362 | D:3      | Found a radiant altar of Vehumet.
  2890 | D:3      | Found a bloodstained altar of Trog.
  3086 | D:4      | Reached XP level 4. HP: 8/18 MP: 3/8
  3246 | D:4      | Found a hazy altar of Hepliaklqana.
  3401 | D:4      | Found a glowing golden altar of the Shining One.
  3406 | D:4      | Reached XP level 5. HP: 21/21 MP: 9/9
  3565 | D:4      | Found a staircase to the Ecumenical Temple.
  3577 | D:4      | Reached skill level 1 in Ice Magic
  3602 | D:4      | Reached skill level 5 in Hexes
  3936 | D:5      | Entered Level 5 of the Dungeon
  3936 | D:5      | Found a sparkling altar of Nemelex Xobeh.
  3971 | D:5      | Gained mutation: You are covered in thick fur. (AC +2) [Felid growth]
  3971 | D:5      | Reached XP level 6. HP: 24/24 MP: 5/10
  4101 | D:4      | Found Ritalack's Armour Boutique.
  4329 | Temple   | Entered the Ecumenical Temple
  4392 | Temple   | Became a worshipper of Dithmenos the Shadowed
  4999 | D:5      | Found an ornate altar of the Wu Jian Council.
  5191 | D:5      | Reached skill level 5 in Stealth
  5853 | D:6      | Found a snail-covered altar of Cheibriados.
  5920 | D:6      | Reached skill level 6 in Stealth
  5933 | D:6      | Reached XP level 7. HP: 20/27 MP: 0/11
  6057 | D:6      | Reached skill level 7 in Stealth
  6122 | D:6      | Reached skill level 8 in Stealth
  6325 | D:6      | Reached skill level 9 in Stealth
  6381 | D:6      | Reached * piety under Dithmenos
  6716 | D:6      | Noticed Blork the orc
  6727 | D:6      | Reached skill level 10 in Stealth
  6737 | D:6      | Killed Blork the orc
  6737 | D:6      | Reached XP level 8. HP: 12/31 MP: 1/12
  7167 | D:7      | Reached skill level 11 in Stealth
  7739 | D:7      | Reached skill level 12 in Stealth
  7986 | D:8      | Noticed a hippogriff
  8013 | D:8      | Slain by a hippogriff
  8014 | D:8      | Reached XP level 7. HP: -2/27 MP: 4/11
  8140 | D:8      | Found Xanner's Weapon Emporium.
  8146 | D:8      | Noticed Monsterracer's ghost (novice DrWz)
  8163 | D:8      | Reached XP level 8. HP: 25/31 MP: 10/12
  8182 | D:8      | Mangled by Monsterracer's ghost
  8183 | D:8      | Reached XP level 7. HP: -7/27 MP: 10/11
  8183 | D:8      | Found an opulent altar of Gozag.
  8183 | D:8      | Found a sparkling altar of Nemelex Xobeh.
  8183 | D:8      | Quit the game

Skill      XL: |  1  2  3  4  5  6  7  8 |
---------------+-------------------------+-----
Unarmed Combat | 2 3 4 |  4.7
Ice Magic      | 2 3 |  3.1
Hexes          | 5 6 7 |  7.0
Stealth        | 6 10 12 | 12.6
Dodging        | |  2.6
Spellcasting   | |  2.0

Action                   |  1- 3 |  4- 6 |  7- 9 || total
-------------------------+-------+-------+-------++-------
Melee: Unarmed           |   101 |   102 |    98 ||   301
       Bite              |     9 |     8 |     9 ||    26
       Punch             |       |     2 |     2 ||     4
 Cast: Ensorcelled Hiber |    37 |    42 |    35 ||   114
       Confusing Touch   |       |     5 |    12 ||    17
       Confuse           |       |     1 |     1 ||     2
  Use: Scroll            |     2 |     3 |       ||     5
       Potion            |     1 |       |     6 ||     7
 Stab: Sleeping          |    28 |    22 |    22 ||    72
       Confused          |       |     3 |     8 ||    11
  Eat: Chunk             |    13 |     3 |     4 ||    20
Armor: Skin              |     8 |     2 |     5 ||    15
Dodge: Dodged            |    83 |    64 |    76 ||   223
